 Dungeon Crawl Stone Soup version 0.31-a0-803-g95b03c3367 (webtiles) character file.

Game seed: 7800552434617651044

62 wxvjkmoi the Cudgeller (level 3, -1/28 HPs)
             Began as a Demonspawn Gladiator on Sept 20, 2023.
             Slain by Terence
             ... wielding a +5 heavy hand axe
              (9 damage)
             ... on level 3 of the Dungeon.
             The game lasted 00:07:05 (1891 turns).

wxvjkmoi the Cudgeller (Demonspawn Gladiator)       Turns: 1891, Time: 00:07:06

Health: -1/28      AC:  5    Str: 18    XL:     3   Next: 85%
Magic:  3/3        EV: 12    Int:  9    God:
Gold:   112        SH:  0    Dex: 14    Spells: 2/2 levels left

rFire   . . .        a - +0 flail
rCold   . . .        (no shield)
rNeg    . . .        m - +0 ring mail of Funon {Str+2}
rPois   .            (helmet restricted)
rElec   .            (no cloak)
rCorr   .            (no gloves)
SInv    .            (no boots)
Will    .....        h - amulet of magic regeneration
Stlth   +            (no ring)
HPRegen 0.24/turn    (no ring)
MPRegen 0.48/turn

%: no passive effects
@: no status effects
A: antennae 2
a: no special abilities


You were on level 3 of the Dungeon.
You visited 1 branch of the dungeon, and saw 3 of its levels.

You collected 112 gold pieces.

Inventory:

Hand Weapons
 a - a +0 flail (weapon)
Missiles
 c - 6 poisoned darts
 d - 3 throwing nets
 e - 3 javelins
 i - 30 stones (quivered)
Armour
 m - the +0 ring mail of Funon (worn) {Str+2}
   (You found it on level 2 of the Dungeon)

   Str+2:     It affects your strength (+2).
Jewellery
 h - an amulet of magic regeneration (around neck)
Scrolls
 b - a scroll of immolation {unknown}
 k - a scroll of fog
Potions
 f - 3 potions of haste {unknown}
 g - a potion of resistance {unknown}
 l - a potion of might {unknown}
 n - a potion of mutation {unknown}


   Skills:
 * Level 2.6 Fighting
 * Level 3.4 Maces & Flails
 - Level 1.7 Throwing
 + Level 0.6 Armour
 * Level 3.2 Dodging
 + Level 0.2 Stealth


You had 2 spell levels left.
You didn't know any spells.
Your spell library contained the following spells:

 Spells                   Type           Power      Damage    Failure   Level
 Blink                    Tloc           0%         N/A       73%         2
 Lesser Beckoning         Tloc           0%         N/A       73%         2
 Momentum Strike          Conj/Tloc      0%         3d8       73%         2


Dungeon Overview and Level Annotations

Branches:
Dungeon (3/15)

Altars:

Annotations:
D:3 Terence


Innate Abilities, Weirdness & Mutations

You have a pair of antennae on your head.


Message History

You open the door.
There is an open door here.
You sense a monster nearby.
You open the door.
A worm comes into view.
You hit the worm.
The worm is moderately wounded.
The worm barely misses you.
You thump the worm!
The worm is severely wounded.
You hit the worm.
The worm is almost dead.
The worm bites you but does no damage.
You sock the worm!
You kill the worm!
You open the door.
There is an open door here.
You now have 112 gold pieces (gained 15).
You open the door.
There is an open door here.
Found a ring mail.
You see here a +0 ring mail.
Terence the Incautious comes into view.
He is wielding a +5 heavy hand axe.
Terence shouts!
You barely miss Terence. Terence closely misses you.
You completely miss Terence.
Terence hits you with a +5 heavy hand axe.
You hit Terence.
Terence is moderately wounded.
You sock Terence!
Terence is severely wounded.
Terence hits you with a +5 heavy hand axe!
You hit Terence.
Terence is almost dead.
Terence hits you with a +5 heavy hand axe!
* * * LOW HITPOINT WARNING * * *
You hit Terence but do no damage.
Terence is almost dead.
Terence hits you with a +5 heavy hand axe!
You die...

#.#..#
+....#
####.##
+......
#####.# #.#
#.#
#########
#.#
#.@@....#
#..
#.#####.#
##. #.#
#.#.# #.
#.# #.#.#
####) #.#
#.#.# #....
#.# #.#.#
#.... #.#
#.#.# #....
#.# #.#.#
#....
#[#####.#.#
#....


You could see Terence.

Vanquished Creatures
  A worm (D:3)
  2 dart slugs
  2 endoplasms
  A giant cockroach (D:2)
  4 goblins
  9 hobgoblins
  6 jackals
  7 kobolds
  2 quokkas
  3 ball pythons
  7 bats
  3 frilled lizards
  2 rats (D:1)
49 creatures vanquished.

Notes
Turn   | Place    | Note
-------+----------+-------------------------------------------
     0 | D:1      | wxvjkmoi the Demonspawn Gladiator began the quest for the
                  | Orb.
     0 | D:1      | Reached XP level 1. HP: 16/16 MP: 1/1
   183 | D:1      | Gained mutation: You have a pair of small antennae on your
                  | head. [demonic ancestry]
   183 | D:1      | Reached XP level 2. HP: 22/22 MP: 2/2
   864 | D:2      | Gained mutation: You have a pair of antennae on your head.
                  | [demonic ancestry]
   864 | D:2      | Reached XP level 3. HP: 20/28 MP: 3/3
   977 | D:2      | Identified the +0 ring mail of Funon {Str+2}
  1883 | D:3      | Noticed Terence
  1891 | D:3      | Slain by Terence

Illustrated notes

Levels and vault maps discovered:
D:1:      dpeg_arrival_boxorama, layout_loops_ring, hangedman_decor_riveting,
          hangedman_abyss_or_decor_stabs, nrook_loot_triangle
D:2:      layout_loops_ring
D:3:      layout_basic, uniq_terence

Skill      XL: |  1  2 |
---------------+-------+-----
Maces & Flails | 3 |  3.4
Dodging        | 3 |  3.2
Fighting       | |  2.6
Throwing       | |  1.7
Armour         | |  0.6
Stealth        | |  0.2

Action                     || total
---------------------------++-------
  Melee: Flail             ||   140
         Punch             ||     1
    Use: Scroll            ||     3
   Stab: Sleeping          ||     1
 Armour: Leather armour    ||    65
         Ring mail         ||    46
  Dodge: Dodged            ||   101

Table legend: (Time is in decaauts)
 A = Elapsed time spent in this place.
 B = Non-inter-level travel time spent in this place.
 C = Inter-level travel time spent in this place.
 D = Time resting spent in this place.
 E = Time spent auto-exploring this place.
 F = Levels seen in this place.
 G = Mean time per level.
                   A        B        C        D        E       F      G
               +--------+--------+--------+--------+--------+-----+--------+
         Total |   1924 |   1898 |     26 |      0 |   1402 |   3 |  641.3 |
       Dungeon |   1924 |   1898 |     26 |      0 |   1402 |   3 |  641.3 |
               +--------+--------+--------+--------+--------+-----+--------+

Top non-repeatable levels by time:
     D:1: 856 daAuts
     D:2: 690 daAuts
     D:3: 377 daAuts
